 Dungeon Crawl Stone Soup version 0.19.5 (webtiles) character file.

77 JeffiDaFish the Shooter (level 4, -5/23 HPs)
             Began as a Spriggan Hunter on Dec 13, 2017.
             Killed from afar by Sigmund (11 damage)
             ... with a puff of flame
             ... on level 2 of the Dungeon.
             The game lasted 00:02:34 (1063 turns).

JeffiDaFish the Shooter (Spriggan Hunter)           Turns: 1063, Time: 00:02:35

Health: -5/23      AC:  2    Str:  8    XL:     4   Next: 14%
Magic:  5/5        EV: 18    Int: 12    God:
Gold:   52         SH:  0    Dex: 17    Spells: 0 memorised, 3 levels left

rFire  . . .     SeeInvis +     a - +1 shortbow
rCold  . . .     Gourm    .     c - +0 robe
rNeg   . . .     Faith    .     (shield currently unavailable)
rPois  .         Spirit   .     (helmet restricted)
rElec  .         Reflect  .     (no cloak)
rCorr  .         Harm     .     (gloves unavailable)
MR     .....                    (boots unavailable)
Stlth  ++........               (no amulet)
                                (no ring)
                                (no ring)

@: very quick
A: unfitting armour, see invisible, herbivore 3, speed 3, slow metabolism 2
a: no special abilities


You were on level 2 of the Dungeon.
You were not hungry.

You visited 1 branch of the dungeon, and saw 2 of its levels.

You collected 52 gold pieces.

Inventory:

Hand Weapons
 a - a +1 shortbow (weapon)
 b - a +0 short sword
Missiles
 d - 34 arrows (quivered)
Armour
 c - a +0 robe (worn)
Scrolls
 h - 2 scrolls of identify
Potions
 e - a potion of cancellation
 i - a potion of might
Comestibles
 f - 2 bread rations


   Skills:
 + Level 2.1 Fighting
 + Level 6.4 Bows
 + Level 3.3 Dodging
 + Level 1.7 Stealth


You had 3 spell levels left.
You didn't know any spells.

Dungeon Overview and Level Annotations

Branches:
Dungeon (2/15)

Altars:

Annotations:
D:2 Sigmund


Innate Abilities, Weirdness & Mutations

You are very small and have problems with some larger weapons.
You are too small for most types of armour.
You have supernaturally acute eyesight. (SInv)
You are a herbivore.
You cover ground extremely quickly.
You need consume almost no food.


Message History

You kill the goblin!
Sigmund breathes a few words.
Sigmund's hands start flickering wildly.
Sigmund closely misses you.
A goblin comes into view. It is wielding a club.
Firing (i - inventory):
d - 35 arrows (quivered)
Press: ? - help, Shift-Dir - straight line, f - Sigmund
Aim: Sigmund, wielding a scythe and wearing a robe (heavily wounded, slightly transparent)
You shoot an arrow. The arrow closely misses Sigmund.
The arrow closely misses the goblin.
The goblin shouts!
The arrow hits the goblin!
You kill the goblin!
Sigmund gestures at you while chanting. The puff of flame hits you!
* * * LOW HITPOINT WARNING * * *
A goblin comes into view.
Sigmund points at you and mumbles some strange words.
The puff of flame hits you!
You die...

.......#
##.#*********+***,,
.......#
#.#,8,8,8,8,,,,,,,
.......#
#.#,,,,,,,,,,****,
.......#
#.#,,,,,,,,,,* *,
.......#
####.#,,,,,,,,,,* **
.......#
#....#,,,,,,,,,,*
########
#....#,,,,,,,,,,*
#....#,8,8,8,8,,*
#>..@#########(,*
####...(@(g†(g.,*****
#######(..(.,,,,,,
*,,@.(,,,,,,
*,,>,.,,,,,,
*,,,,,,,,,,,
*,,,,,,,,,,,
*,,,,,,,,,,,
*,,,,,,,,,,,


You could see Sigmund (invisible) and a goblin.

Vanquished Creatures
  Natasha (D:2)
  An adder (D:2)
  An ooze (D:1)
  A dart slug (D:1)
  2 bats (D:1)
  A giant cockroach (D:2)
  7 goblins
  10 hobgoblins
  4 kobolds
  A quokka (D:2)
  2 frilled lizards (D:1)
  2 rats (D:1)
33 creatures vanquished.

Notes
Turn   | Place    | Note
-------+----------+-------------------------------------------
     0 | D:1      | JeffiDaFish the Spriggan Hunter began the quest for the Orb.
     0 | D:1      | Reached XP level 1. HP: 10/10 MP: 2/2
    50 | D:1      | Reached skill level 5 in Bows
   148 | D:1      | Reached XP level 2. HP: 15/15 MP: 3/3
   719 | D:1      | Reached XP level 3. HP: 18/18 MP: 4/4
   924 | D:2      | Noticed Natasha
   928 | D:2      | Killed Natasha
   928 | D:2      | Reached skill level 6 in Bows
   932 | D:2      | Reached XP level 4. HP: 23/23 MP: 5/5
  1048 | D:2      | Noticed Sigmund
  1063 | D:2      | Killed from afar by Sigmund

Skill      XL: |  1  2  3 |
---------------+----------+-----
Bows           | 5 6 |  6.4
Fighting       | 2 |  2.1
Dodging        | |  3.3
Stealth        | |  1.7

Action                   |  1- 3 |  4- 6 || total
-------------------------+-------+-------++-------
 Fire: Shortbow          |    62 |    25 ||    87
  Use: Potion            |     8 |       ||     8
       Scroll            |     3 |     1 ||     4
Armor: Robe              |     4 |       ||     4
Dodge: Dodged            |    10 |     7 ||    17
